Match 44933375
Unlisted

Match 44933375
End
Kettenkrad Recon Vehicle
Construct Infanterie Kompanie
MG 42 Machine Gun Team
GrW 34 Mortar Team
Selects Terror Battlegroup
Selects Machine Gun Camouflage
Grenadier Squad
Construct Luftwaffe Kompanie
221 Scout Car
Selects Contempt for the Weak
Jäger Squad
Support Elements
Pioneer Squad
Selects Propaganda Leaflet Drop
Flak 30 Anti-aircraft Gun Team
Wirbelwind Flakpanzer
Propaganda Leaflet Drop
Marder III M Tank Destroyer
Propaganda Leaflet Drop
Construct Panzergrenadier Kompanie
Propaganda Leaflet Drop
Nebelwerfer 42 Rocket Launcher Team
Forward Retreat Point
251 Medium Carrier
Selects V1 Rocket Strike
StuG III G Assault Gun
StuG III G Assault Gun
Selects Defend the Fatherland
Propaganda Leaflet Drop
Pioneer Squad
Wirbelwind Flakpanzer
251 Medium Carrier
Propaganda Leaflet Drop
Wirbelwind Flakpanzer
Panzergrenadier Squad
Jäger Squad
Guderian ITA
Fajolada
Marchino
Me4nGr33n
LuckySeven
XnYasHka
0
0

Comments sign in to comment!

No comments posted yet!